 Dungeon Crawl Stone Soup version 0.29-a0-575-g0dc89cf053 (webtiles) character file.

Game seed: 12056890850947964418

228 croobank the Covert (level 6, -1/79 HPs)
             Began as a Gnoll Delver on June 12, 2022.
             Was a Follower of Vehumet.
             Constricted to death by an anaconda (glowing shapeshifter) (3 damage)
             ... on level 4 of the Dungeon.
             The game lasted 00:14:19 (3054 turns).

croobank the Covert (Gnoll Delver)                  Turns: 3054, Time: 00:14:20

Health: -1/79      AC:  6    Str: 11    XL:     6   Next: 2%
Magic:  6/8        EV: 10    Int: 11    God:    Vehumet [*.....]
Gold:   167        SH:  0    Dex: 14    Spells: 6/8 levels left

rFire   + + +      SeeInvis .   t - +4 quarterstaff (chaos)
rCold   + . .      Faith    .   (shield currently unavailable)
rNeg    + . .      Spirit   .   x - +3 leather armour {rF+}
rPois   .          Reflect  .   (no helmet)
rElec   .          Harm     .   C - scarf {rC+ rF+}
rCorr   .          Rampage  .   (no gloves)
Will    .....                   (no boots)
Stlth   ..........              r - amulet of the acrobat
HPRegen 0.23/turn               l - ring of protection from fire
MPRegen 0.11/turn               p - ring of positive energy

@: berserking, very slightly contaminated, hasted, constricted, very quick
A: fangs 1, strong nose, distributed training
a: Renounce Religion


You were on level 4 of the Dungeon.
You worshipped Vehumet.
Vehumet was aware of your devotion.
You visited 1 branch of the dungeon, and saw 5 of its levels.

You collected 167 gold pieces.

Inventory:

Hand Weapons
 a - a +0 hand axe
 b - a +0 hunting sling
 k - a +0 dagger of flaming
 t - a +4 quarterstaff of chaos (weapon)
 y - a +1 flail of protection
 E - a +0 long sword
Missiles
 h - 115 stones (quivered)
 i - 3 poisoned darts
 q - 6 javelins
Armour
 u - a +0 cloak
 v - a +2 scale mail of fire resistance
 x - a +3 leather armour of fire resistance (worn)
 C - a scarf of resistance (worn)
Jewellery
 l - a ring of protection from fire (left hand)
 p - a ring of positive energy (right hand)
 r - an amulet of the acrobat (around neck)
 D - an amulet of regeneration
 I - a ring of flight
Wands
 g - a wand of digging (9)
 A - a wand of acid (7)
Scrolls
 c - a scroll of fog
 d - a scroll of amnesia
 e - 2 scrolls of fear
 m - a scroll of blinking {unknown}
 n - a scroll of identify {unknown}
 s - a scroll of magic mapping
 B - a scroll of acquirement {unknown}
Potions
 o - 3 potions of curing
 w - a potion of brilliance
 F - a potion of magic {unknown}
 G - a potion of mutation {unknown}
 H - a potion of cancellation {unknown}


   Skills:
 + Level 6.7 Fighting
 + Level 1.7 Short Blades
 + Level 1.7 Long Blades
 + Level 4.9 Axes
 + Level 1.7 Maces & Flails
 + Level 1.7 Polearms
 + Level 1.7 Staves
 + Level 1.7 Slings
 + Level 1.7 Bows
 + Level 1.7 Crossbows
 + Level 1.7 Throwing
 + Level 1.7 Armour
 + Level 4.9 Dodging
 + Level 9.7 Stealth
 + Level 1.7 Shields
 + Level 1.7 Unarmed Combat
 + Level 1.7 Spellcasting
 + Level 1.3 Conjurations
 + Level 1.3 Hexes
 + Level 1.3 Summonings
 + Level 1.3 Necromancy
 + Level 1.3 Translocations
 + Level 1.3 Transmutations
 + Level 1.3 Fire Magic
 + Level 1.3 Ice Magic
 + Level 1.3 Air Magic
 + Level 1.3 Earth Magic
 + Level 1.3 Poison Magic
 + Level 2.0 Invocations
 + Level 1.7 Evocations


You had 6 spell levels left.
You knew the following spells:

 Your Spells              Type           Power      Damage    Failure   Level
a - Freeze                Ice            16%        1d4       22%         1
b - Necrotize             Necr           16%        1d4       22%         1

Your spell library contained the following spells:

 Spells                   Type           Power      Damage    Failure   Level
 Apportation              Tloc           8%         N/A       22%         1
 Magic Dart               Conj           16%        1d3       22%         1
 Summon Small Mammal      Summ           16%        N/A       22%         1
 Call Imp                 Summ           4%         N/A       34%         2
 Mephitic Cloud           Conj/Pois/Air  4%         N/A       56%         3


Dungeon Overview and Level Annotations

Branches:
Dungeon (5/15)
 Temple: D:4-7

Altars:
Ashenzari
Cheibriados
Fedhas
Vehumet
Xom
The Shining One

Shops:
D:3 (

Annotations:
D:4 3 runed translucent doors, DocClef's ghost, weakling GnDe


Innate Abilities, Weirdness & Mutations

You have very sharp teeth.
Your uncanny sense of smell can sniff out nearby items.
Your experience applies equally to all skills.


Message History

Confirm with . or Enter, or press ? or * to list all spells.
Aiming: Necrotize (safe; 22% risk of failure)
Press: ? - help, Shift-Dir - straight line, f - anaconda
Aim: an anaconda (wandering, hasn't noticed you, chance to affect: 30%)
You miscast Necrotize.
You are very lightly contaminated with residual magic.
Nothing appears to happen.
The anaconda hisses angrily.
Casting: Necrotize (safe; 22% risk of failure)
Confirm with . or Enter, or press ? or * to list all spells.
Aiming: Freeze (safe; 22% risk of failure)
Press: ? - help, Shift-Dir - straight line, f/p - anaconda
Aim: an anaconda You freeze the anaconda.
The anaconda is lightly wounded.
The anaconda seems to slow down.
The ball python hisses angrily.
You hit the anaconda. You burn the anaconda.
The anaconda is lightly wounded.
The anaconda grabs you. The anaconda bites you! The anaconda constricts you.
Okay, then.
You sock the anaconda!
The anaconda is poisoned.
The anaconda is moderately wounded.
The anaconda is no longer moving slowly.
The anaconda bites you! The anaconda constricts you.
Okay, then.
It was a potion of berserk rage.
A red film seems to cover your vision as you go berserk!
You feel yourself moving faster!
You feel mighty!
The water moccasin hisses angrily.
The anaconda bites you.
* * * LOW HITPOINT WARNING * * *
The anaconda constricts you.
* * * LOW HITPOINT WARNING * * *
You sock the anaconda! You bite the anaconda!
The anaconda is heavily wounded.
The anaconda bites you!
* * * LOW HITPOINT WARNING * * *
The anaconda constricts you.
You die...

...#########...#
#..#.......#...#
#..#?.#.#..#...#
#..+...#.$K#...#
##..+S....?(#....
##...+...#S..#....
#....#.S#.#..#....
#.#..#.......#....
#@#..#########....
#S#...............
#.................
###.###########...
#.# #### #.# #.#
#.


You could see an anaconda (very poisoned).

Vanquished Creatures
  Crazy Yiuf (D:2)
  An orc priest (D:3)
  Terence (D:2)
  Jessica (D:2)
  5 adders
  An ufetubus (D:3)
  A dart slug (D:3)
  4 orcs
  2 bats (D:1)
  10 endoplasms
  5 giant cockroaches
  6 hobgoblins
  2 quokkas
  2 ball pythons (D:1)
  3 frilled lizards
  6 goblins
  5 kobolds
  6 rats
62 creatures vanquished.

Vanquished Creatures (others)
  A fungus (D:2)
1 creature vanquished.

Grand Total: 63 creatures vanquished

Notes
Turn   | Place    | Note
-------+----------+-------------------------------------------
     0 | D:5      | Reached skill level 9 in Stealth
     0 | D:5      | croobank the Gnoll Delver began the quest for the Orb.
     0 | D:5      | Reached XP level 1. HP: 23/23 MP: 1/1
     1 | D:5      | Found a radiant altar of Vehumet.
     6 | D:5      | Became a worshipper of Vehumet
    17 | D:5      | Noticed a scorpion
    64 | D:5      | Noticed an ice beast
   112 | D:5      | Found a snail-covered altar of Cheibriados.
   159 | D:4      | Reached XP level 2. HP: 29/29 MP: 2/2
   545 | D:1      | Reached XP level 3. HP: 35/35 MP: 3/3
  1039 | D:2      | Noticed Terence
  1147 | D:2      | Reached skill level 1 in Invocations
  1168 | D:2      | Reached * piety under Vehumet
  1168 | D:2      | Offered knowledge of Freeze by Vehumet.
  1171 | D:2      | Learned a level 1 spell: Freeze
  1293 | D:2      | Found a runed translucent door.
  1294 | D:2      | Noticed Crazy Yiuf
  1302 | D:2      | Killed Crazy Yiuf
  1303 | D:2      | Reached skill level 1 in Short Blades
  1303 | D:2      | Reached skill level 1 in Long Blades
  1303 | D:2      | Reached skill level 1 in Maces & Flails
  1303 | D:2      | Reached skill level 1 in Polearms
  1303 | D:2      | Reached skill level 1 in Staves
  1303 | D:2      | Reached skill level 1 in Slings
  1303 | D:2      | Reached skill level 1 in Bows
  1303 | D:2      | Reached skill level 1 in Crossbows
  1303 | D:2      | Reached skill level 1 in Throwing
  1303 | D:2      | Reached skill level 1 in Armour
  1303 | D:2      | Reached skill level 1 in Shields
  1303 | D:2      | Reached skill level 1 in Unarmed Combat
  1303 | D:2      | Reached skill level 1 in Spellcasting
  1303 | D:2      | Reached skill level 1 in Evocations
  1303 | D:2      | Reached XP level 4. HP: 41/41 MP: 5/5
  1339 | D:2      | Killed Terence
  1340 | D:2      | Reached skill level 1 in Conjurations
  1340 | D:2      | Reached skill level 1 in Hexes
  1340 | D:2      | Reached skill level 1 in Summonings
  1340 | D:2      | Reached skill level 1 in Necromancy
  1340 | D:2      | Reached skill level 1 in Translocations
  1340 | D:2      | Reached skill level 1 in Transmutations
  1340 | D:2      | Reached skill level 1 in Fire Magic
  1340 | D:2      | Reached skill level 1 in Ice Magic
  1340 | D:2      | Reached skill level 1 in Air Magic
  1340 | D:2      | Reached skill level 1 in Earth Magic
  1340 | D:2      | Reached skill level 1 in Poison Magic
  1358 | D:2      | Noticed Jessica
  1366 | D:2      | Killed Jessica
  1367 | D:2      | Reached XP level 5. HP: 46/47 MP: 5/7
  1799 | D:3      | Learned a level 1 spell: Necrotize
  1810 | D:3      | Found a glowing golden altar of the Shining One.
  1965 | D:3      | Found a broken altar of Ashenzari.
  2112 | D:3      | Found a faded altar of an unknown god.
  2238 | D:3      | Found a shimmering altar of Xom.
  2386 | D:3      | Found a blossoming altar of Fedhas.
  2393 | D:3      | Reached XP level 6. HP: 53/53 MP: 8/8
  2399 | D:3      | Found Sokkofau's Weapon Shop.
  2786 | D:4      | Noticed a glowing shapeshifter
  2786 | D:4      | a dart slug changed into a glowing shapeshifter
  2786 | D:4      | Noticed a redback
  2786 | D:4      | a glowing shapeshifter changed into a redback
  2789 | D:4      | Noticed a jumping spider
  2789 | D:4      | a redback changed into a jumping spider
  2789 | D:4      | Noticed a cane toad
  2789 | D:4      | a jumping spider changed into a cane toad
  2792 | D:4      | Noticed a queen bee
  2793 | D:4      | Noticed a culicivora
  2793 | D:4      | a queen bee changed into a culicivora
  2794 | D:4      | Noticed a fire crab
  2794 | D:4      | a culicivora changed into a fire crab
  2801 | D:4      | Noticed DocClef's ghost (weakling GnDe)
  2803 | D:4      | Noticed a water moccasin
  2803 | D:4      | Noticed a cyclops
  2809 | D:4      | Found a runed translucent gate.
  2809 | D:4      | Found a runed translucent gate.
  2811 | D:4      | Found a runed translucent gate.
  3047 | D:4      | Noticed an anaconda
  3054 | D:4      | HP: 2/79 [anaconda (glowing shapeshifter) (16)]
  3054 | D:4      | Constricted to death by an anaconda (glowing shapeshifter)

Illustrated notes

Levels and vault maps discovered:
D:1:      minmay_arrival_five_plusses, layout_rooms
D:2:      layout_rooms, grunt_decor_cap, minivault_5, minivault_14,
          amcnicky_mini_corridor_feature, uniq_terence, uniq_jessica,
          uniq_crazy_yiuf_cottage
D:3:      layout_loops_ring, tgw_xom, fedhas_altar_1,
          mainiacjoe_overflow_two_lobes, serial_shops, nicolae_shop_statue_plus,
          hellmonk_ecumenical_altar_inner_sanctum, grunt_decor_arrowhead
D:4:      cheibrodos_quashed, layout_basic, minmay_temple_entry_enclosed_plants,
          serial_shops, shop, gammafunk_ghost_split, kennysheep_flooded_box,
          minmay_curled_crystal, hangedman_decor_slide_cut
D:5:      layout_cave_pools, chei_slow_surprise, lemuel_crystal_altar,
          mainiacjoe_overflow_cross_hatched, kennysheep_mini_moat

Skill      XL: |  1  2  3  4  5  6 |
---------------+-------------------+-----
Stealth        | |  9.7
Invocations    | 1 2 |  2.0
Short Blades   | 1 |  1.7
Long Blades    | 1 |  1.7
Maces & Flails | 1 |  1.7
Polearms       | 1 |  1.7
Staves         | 1 |  1.7
Slings         | 1 |  1.7
Bows           | 1 |  1.7
Crossbows      | 1 |  1.7
Throwing       | 1 |  1.7
Armour         | 1 |  1.7
Shields        | 1 |  1.7
Unarmed Combat | 1 |  1.7
Spellcasting   | 1 |  1.7
Evocations     | 1 |  1.7
Conjurations   | 1 |  1.3
Hexes          | 1 |  1.3
Summonings     | 1 |  1.3
Necromancy     | 1 |  1.3
Translocations | 1 |  1.3
Transmutations | 1 |  1.3
Fire Magic     | 1 |  1.3
Ice Magic      | 1 |  1.3
Air Magic      | 1 |  1.3
Earth Magic    | 1 |  1.3
Poison Magic   | 1 |  1.3
Fighting       | |  6.7
Axes           | |  4.9
Dodging        | |  4.9

Action                   |  1- 3 |  4- 6 || total
-------------------------+-------+-------++-------
Melee: Hand axe          |    13 |       ||    13
       Dagger            |   126 |       ||   126
       Bite              |    24 |     6 ||    30
       Punch             |     3 |       ||     3
       Quarterstaff      |       |    83 ||    83
 Cast: Freeze            |       |     5 ||     5
       Necrotize         |       |     2 ||     2
  Use: Scroll            |     1 |     5 ||     6
       Potion            |     1 |     4 ||     5
 Stab: Sleeping          |    20 |     3 ||    23
Armor: Leather armour    |     6 |    22 ||    28
Dodge: Dodged            |    44 |    65 ||   109

Table legend: (Time is in decaauts)
 A = Elapsed time spent in this place.
 B = Non-inter-level travel time spent in this place.
 C = Inter-level travel time spent in this place.
 D = Time resting spent in this place.
 E = Time spent auto-exploring this place.
 F = Levels seen in this place.
 G = Mean time per level.
                   A        B        C        D        E       F      G
               +--------+--------+--------+--------+--------+-----+--------+
         Total |   3061 |   2943 |    118 |    312 |   1500 |   5 |  612.2 |
       Dungeon |   3061 |   2943 |    118 |    312 |   1500 |   5 |  612.2 |
               +--------+--------+--------+--------+--------+-----+--------+

Top non-repeatable levels by time:
     D:3: 1010 daAuts
     D:2: 885 daAuts
     D:1: 569 daAuts
     D:4: 439 daAuts
     D:5: 157 daAuts
